Euphox, chaotic male human Wizard --------- --------- --------- --------- |.......| |.......| -........#### |.......| |.......-### |.......| |.......| # |.......| |.......| # |.......+ |.......| ##-.......| |.......| ###|.......| |.......| |.......| |.......| #........| |.......| |.......| ------.-- --------- -.------- -----.--- ### # ## # # # ## # # ---.----- --------- --------- -|------- ------.-- |.......| |.......| |.......| |@....!.| |.......| |........#####|.......-### |.......| |!+...)!| |......>| |.......| #........| # |.......| |?!f!.).| |.......| |.......| |.......| ###|.<.....| |m@)[*..| |.......| |.......| |.......| #-.......| |+*!][=!| |.......| --------- --------- --------- --------- --------- Euphox the Evoker Experience level: 2 Strength: 10 Dexterity: 16 Constitution: 14 Intelligence: 18 Wisdom: 9 Charisma: 9 Health: 0(16) Energy: 11(11) AC: 9 Gold: 0 Moves: 1449 Your Inventory: Weapons a - an uncursed +0 quarterstaff (weapon in hands) Armor b - an uncursed +0 cloak of magic resistance (being worn) Scrolls i - an uncursed scroll of blank paper j - an uncursed scroll of blank paper k - an uncursed scroll of blank paper r - an uncursed scroll of blank paper z - an [uncursed] scroll of identify Spellbooks l - an uncursed spellbook of blank paper m - an uncursed spellbook of blank paper Potions f - an uncursed clear potion [of water] g - an uncursed clear potion [of water] h - an uncursed clear potion [of water] q - an [uncursed] clear potion named uncursed [of water] Rings d - an uncursed +0 ring of increase accuracy (on right hand) e - an uncursed +0 ring of gain intelligence (on left hand) Wands c - an uncursed wand of probing (0:-1) p - an uncursed wand of undead turning [0:-1] v - an [uncursed] wand of striking named uncursed [0:-1] w - an [uncursed] wand called Teleportation? [of teleportation (0:1)] Tools n - an uncursed blindfold u - an [uncursed] magic whistle y - an [uncursed] towel Spells known in the end: Name Level Category Fail Memory a - force bolt 1 attack 0% [||||||||] b - slow monster 2 enchantment 0% [||||||||] Your skills at the end: Fighting Skills Weapon Skills quarterstaff [Basic / Expert] Spellcasting Skills attack spells [Basic / Expert] enchantment spells [Basic / Skilled] Final Attributes: You were devoutly aligned. Hunger level was 553. Your alignment was 16 / 17. Monster difficulty range was 0 - 2. Level difficulty was 3. You were magic-protected. You were held by a large mimic. Your luck was zero. You are dead. Vanquished creatures: 2 giant rats 4 geckos 2 jackals a fox a goblin 3 sewer rats 5 grid bugs a lichen 3 newts 22 creatures vanquished. Voluntary challenges: You used a wielded weapon 8 times. You read items or engraved 11 times. You put on armor 1 time. You never genocided any monsters. You never polymorphed an object. You never changed form. You used no wishes. You wrote Elbereth's name 4 times. You never encountered a bones level. You never used any Sokoban shortcuts. Dungeon overview: The Dungeons of Doom: levels 1 to 3 Level 1 an altar a long staircase Level 2 a delicatessen Level 3 <- You were here a general store History has recorded: On T:1 you entered the Dungeons of Doom to retrieve the Amulet of Yendor! On T:665 you reached level 2 of The Dungeons of Doom. On T:924 you advanced to experience level 2. On T:1181 you reached level 3 of The Dungeons of Doom. Latest messages: You see here a scroll of create monster (266 zorkmids). You stop. Pet is in the way! You see here a fizzy potion (133 zorkmids). Pet drops a stone. You see here a white potion (66 zorkmids). You stop. Pet is in the way! You see here a scroll of identify (26 zorkmids). "For you, esteemed sir; only 26 for this scroll of identify." z - a scroll of identify (unpaid, 26 zorkmids). You stop. Pet is in the way! (2x) You see here a banded mail (160 zorkmids). Pet picks up a white potion. You see here a knife (5 zorkmids). You see here a bow (80 zorkmids). Pet drops a white potion. Wait! That's a large mimic! The large mimic hits! [HP-9=7] You write "Elbereth" with your fingers into the dust. You cannot escape from the large mimic! (2x) The wand called Teleportation? glows and fades. The large mimic hits! You die... Wonotobo comes and takes all your possessions. Final status: Goodbye Euphox the Wizard... You died in The Dungeons of Doom on dungeon level 3 with 214 points, and 0 pieces of gold, after 1449 moves. You were level 2 with a maximum of 16 hit points when you died.